Map: Dusk Towers

Players

Miszu

  • Race: Terran Terran
  • League: Grandmaster

Azas - Winner!

  • Race: Protoss Protoss
  • League: Master

VOD

Have the link to the VOD?

Description

Time

  • Played on: Feb. 8, 2016, 10:30 a.m.
  • Length: 12:53
Show
View Real Time Build Order
Export as new Build Order

Miszu Terran 

Build Orders: Reaper Expand 

Get SALT Encoding   

  12  0:01  SCV  
  13  0:13  SCV  
  14  0:18  Supply Depot  
  14  0:25  SCV  
  15  0:40  SCV  
  16  0:44  Barracks  
  16  0:46  Refinery  
  16  0:53  SCV  
  17  1:05  SCV  
  18  1:31  Orbital Command  
  18  1:34  Reaper  
  19  1:44  Command Center  
  19  1:56  Supply Depot  
  19  1:57  SCV  
  20  2:09  SCV  
  20  2:10  Factory  
  21  2:21  SCV  
  22  2:29  Barracks Reactor  
  22  2:33  SCV  
  23  2:45  SCV  
  24  2:57  SCV  
  25  2:59  Orbital Command  
  25  3:00  Engineering Bay  
  25  3:05  Factory  
  25  3:09  SCV  
  26  3:14  Hellion x2  
  30  3:22  SCV  
  30  3:26  Barracks Reactor  
  32  3:27  SCV  
  32  3:31  Supply Depot  
  32  3:33  Missile Turret  
  32  3:34  SCV, Missile Turret  
  33  3:37  Hellion  
  33  3:39  SCV  
  36  3:46  SCV  
  36  3:49  Hellion  
  36  3:51  SCV  
  36  3:53  Supply Depot  
  39  3:58  Factory, SCV  
  40  4:03  SCV  
  40  4:05  Hellion  
  40  4:08  Hellion x2  
  47  4:10  SCV  
  47  4:15  Hellion, SCV  
  51  4:22  Supply Depot, SCV  
  52  4:26  Hellion  
  52  4:27  SCV  
  52  4:30  Supply Depot  
  55  4:31  Hellion  
  55  4:32  Hellion  
  55  4:34  SCV  
  60  4:39  SCV  
  60  4:43  Supply Depot, Factory Tech Lab  
  61  4:46  SCV, Missile Turret  
  61  4:47  Hellion  
  61  4:51  SCV  
  65  4:58  SCV  
  66  5:03  Cyclone, SCV  
  66  5:04  Hellion  
  66  5:05  Hellion  
  66  5:06  Hellion  
  76  5:10  Supply Depot  
  76  5:11  SCV  
  77  5:16  SCV  
  78  5:23  SCV  
  78  5:27  Missile Turret  
  78  5:28  Command Center  
  79  5:30  SCV  
  79  5:33  Hellion x2  
  79  5:34  Hellion x2  
  88  5:39  SCV  
  88  5:41  Refinery x2  
  89  5:43  Refinery  
  89  5:46  Supply Depot, SCV  
  90  5:51  SCV  
  91  5:57  Cyclone  
  94  6:07  Hellion x3, SCV x2  
  102  6:19  Supply Depot  
  102  6:22  Supply Depot  
  102  6:31  Mag-Field Accelerator  
  102  6:39  Supply Depot, Hellion x2, Cyclone, Widow Mine, SCV x2  
  113  6:42  Supply Depot  
  113  6:51  Factory, SCV x2  
  113  6:53  Factory  
  115  6:55  Refinery  
  115  6:56  Refinery  
  115  7:03  SCV x2  
  115  7:05  Armory  
  115  7:08  Armory  
  117  7:14  Orbital Command  
  117  7:16  SCV x2  
  119  7:25  Cyclone  
  119  7:28  SCV x2  
  110  7:48  Factory Tech Lab x2  
  110  7:50  SCV x2  
  110  7:51  SCV  
  106  7:58  Cyclone  
  99  8:02  SCV x2  
  99  8:03  SCV  
  100  8:05  Terran Vehicle And Ship Armor Level 1, Terran Vehicle Weapons Level 1  
  100  8:06  Starport  
  100  8:08  Cyclone  
  100  8:12  Barracks Reactor  
  107  8:14  SCV  
  107  8:15  SCV  
  107  8:17  Command Center  
  113  8:20  Widow Mine  
  113  8:22  Widow Mine x2  
  113  8:24  Widow Mine x2  
  113  8:27  Drilling Claws  
  115  8:29  Widow Mine  
  117  8:34  Supply Depot x2  
  117  8:35  Supply Depot  
  117  8:41  Cyclone  
  120  8:49  Cyclone  
  120  8:52  Widow Mine x2  
  120  8:53  Widow Mine x2  
  131  9:01  Cyclone  
  134  9:14  Hellion  
  136  9:18  Command Center  
  136  9:19  Command Center  
  136  9:22  Widow Mine x2  
  136  9:23  Command Center, Widow Mine  
  142  9:25  Widow Mine  
  142  9:26  Command Center  
  142  9:27  Refinery  
  142  9:31  Refinery, Cyclone, Missile Turret  
  147  9:34  Cyclone  
  147  9:35  Cyclone  
  149  9:55  Planetary Fortress  
  149  10:03  Cyclone  
  149  10:04  Widow Mine  
  149  10:05  Widow Mine  
  149  10:06  Cyclone, Widow Mine  
  161  10:11  Widow Mine  
  152  10:35  Cyclone x2  
  158  10:42  Widow Mine x2  
  156  10:43  Widow Mine x2  
  156  10:44  Cyclone  
  167  10:53  Orbital Command  
  167  10:55  Orbital Command  
  167  11:07  Cyclone, Widow Mine  
  167  11:09  Factory  
  167  11:10  Factory  
  148  11:30  Cyclone  
  148  11:31  Hellion  
  153  11:36  Cyclone  
  153  11:39  Cyclone  
  134  11:48  Widow Mine x2  
  134  11:49  Widow Mine  
  134  11:51  Orbital Command  
  138  12:05  Cyclone  
  138  12:06  Widow Mine x2  
  147  12:08  Hellbat  
  147  12:11  Orbital Command  
  147  12:22  Refinery, Widow Mine x4  
  152  12:25  Refinery, Sensor Tower  
Show
View Real Time Build Order
Export as new Build Order

Azas Protoss - Winner!

Build Orders: Oracle Opening 

Get SALT Encoding   

  12  0:00  Probe (Chrono Boost)  
  13  0:11  Probe (Chrono Boost)  
  14  0:18  Pylon  
  14  0:23  Probe (Chrono Boost)  
  15  0:36  Gateway  
  15  0:38  Probe (Chrono Boost)  
  16  0:44  Assimilator  
  16  0:48  Probe (Chrono Boost)  
  17  0:55  Assimilator  
  17  0:59  Probe (Chrono Boost)  
  18  1:10  Probe (Chrono Boost)  
  19  1:20  Probe (Chrono Boost)  
  19  1:25  Cybernetics Core  
  20  1:29  Pylon  
  20  1:31  Probe (Chrono Boost)  
  21  1:41  Probe (Chrono Boost)  
  22  1:52  Probe (Chrono Boost)  
  23  2:01  Adept  
  25  2:03  Warp Gate, Mothership Core (Chrono Boost)  
  27  2:15  Stargate  
  26  2:21  Probe (Chrono Boost)  
  27  2:39  Nexus  
  27  2:44  Probe (Chrono Boost)  
  28  3:03  Oracle (Chrono Boost)  
  31  3:13  Pylon  
  31  3:18  Twilight Council  
  31  3:21  Gateway  
  31  3:31  Probe  
  32  3:38  Oracle (Chrono Boost)  
  35  3:43  Probe  
  36  3:52  Probe  
  36  3:55  Probe  
  38  3:56  Gateway, Assimilator  
  38  4:00  Resonating Glaives (Chrono Boost)  
  38  4:03  Probe  
  38  4:07  Probe  
  41  4:22  Assimilator, Probe  
  41  4:27  Probe  
  42  4:33  Fleet Beacon  
  42  4:39  Pylon  
  42  4:40  Probe  
  42  4:41  Probe  
  44  4:50  Probe  
  45  4:53  Probe  
  46  5:00  Forge  
  46  5:01  Probe  
  46  5:06  Probe  
  48  5:16  Tempest  
  48  5:18  Adept  
  48  5:20  Pylon  
  54  5:37  Nexus  
  54  5:40  Probe  
  54  5:41  Probe  
  56  5:47  Adept  
  58  5:52  Adept, Probe  
  61  5:57  Probe  
  61  6:02  Pylon  
  62  6:08  Tempest  
  66  6:12  Probe  
  66  6:16  Probe  
  65  6:24  Stargate, Probe  
  65  6:25  Protoss Air Weapons Level 1  
  66  6:29  Stargate, Probe  
  67  6:36  Probe  
  67  6:39  Probe  
  68  6:43  Adept  
  71  6:48  Probe  
  71  6:54  Pylon  
  72  6:56  Pylon  
  72  6:57  Void Ray  
  76  7:09  Probe  
  76  7:11  Probe  
  76  7:15  Photon Cannon  
  78  7:17  Photon Cannon  
  78  7:18  Carrier  
  84  7:27  Pylon  
  84  7:42  Probe  
  84  7:44  Probe  
  83  7:46  Carrier x2  
  83  7:49  Probe  
  89  7:53  Probe  
  89  7:57  Probe  
  91  8:02  Pylon  
  91  8:04  Pylon  
  91  8:11  Pylon  
  91  8:14  Pylon  
  91  8:16  Pylon  
  91  8:17  Pylon  
  91  8:19  Probe x2  
  91  8:22  Probe  
  100  8:29  Probe  
  100  8:30  Assimilator  
  100  8:32  Assimilator  
  101  8:34  Probe  
  101  8:38  Photon Cannon  
  101  8:41  Photon Cannon, Probe x2  
  104  8:48  Graviton Catapult  
  104  8:53  Protoss Air Weapons Level 2  
  104  8:54  Probe  
  105  8:58  Probe  
  106  9:03  Stargate  
  106  9:05  Stargate  
  106  9:09  Photon Cannon  
  106  9:28  Carrier, Nexus  
  112  9:38  Carrier  
  118  9:50  Tempest  
  119  9:55  Tempest  
  123  10:01  Pylon  
  123  10:06  Tempest  
  127  10:33  Probe  
  127  10:34  Probe  
  127  10:35  Probe  
  129  10:39  Pylon  
  129  10:41  Pylon, Probe  
  130  10:47  Carrier  
  137  10:51  Tempest  
  137  10:54  Oracle  
  137  10:55  Probe x2  
  137  10:56  Probe  
  146  10:59  Probe  
  148  11:05  Photon Cannon  
  148  11:07  Photon Cannon  
  148  11:31  Photon Cannon  
  148  11:33  Photon Cannon  
  148  11:52  Probe  
  148  11:53  Probe  
  150  12:06  Nexus, Phoenix x2  
  160  12:10  Probe x2  
  160  12:11  Probe  
  160  12:14  Assimilator  
  163  12:20  Assimilator  
Tags
 
Add a new tag
Caveats
  • Supply blocks, unpowered buildings, or Contaminate may cause inaccurate times.
  • Supply counts are checked every 10 seconds.